 Dungeon Crawl Stone Soup version 0.31-a0-232-gb1c03b2570 (webtiles) character file.

Game seed: 6013459278140091477

319 qw the Shooter (level 6, -6/56 HPs)
             Began as a Minotaur Hexslinger on July 7, 2023.
             Mangled by Ijyb
             ... wielding a +4 spectral club
              (13 damage)
             ... on level 3 of the Dungeon.
             The game lasted 00:00:49 (2093 turns).

qw the Shooter (Minotaur Hexslinger)                Turns: 2093, Time: 00:00:50

Health: -6/56      AC:  8    Str: 12    XL:     6   Next: 21%
Magic:  6/6        EV: 11    Int: 10    God:
Gold:   158        SH:  0    Dex: 15    Spells: 6/7 levels left

rFire   . . .        Y - +2 sling
rCold   . . .        (no shield)
rNeg    . . .        b - +0 ring mail
rPois   .            (helmet restricted)
rElec   .            (no cloak)
rCorr   .            f - +0 pair of gloves
SInv    .            d - +1 pair of boots
Will    +....        (no amulet)
Stlth   +            k - ring of willpower
HPRegen 0.29/turn    (no ring)
MPRegen 0.10/turn

%: no passive effects
@: no status effects
A: horns 2, retaliatory headbutt
a: no special abilities


You were on level 3 of the Dungeon.
You visited 1 branch of the dungeon, and saw 3 of its levels.

You collected 158 gold pieces.


Innate Abilities, Weirdness & Mutations

You have a pair of horns on your head.
You reflexively headbutt those who attack you in melee.


   Skills:
 - Level 5.2 Fighting
 + Level 5.3 Ranged Weapons
 - Level 1.0 Armour
 - Level 2.1 Dodging
 - Level 1.0 Spellcasting
 - Level 2.0 Hexes


You had 6 spell levels left.
You knew the following spells:

 Your Spells              Type           Power      Damage    Failure   Level
a - Slow                  Hex            16%        N/A       34%         1

Your spell library contained the following spells:

 Spells                   Type           Power      Damage    Failure   Level
 Inner Flame              Hex/Fire       2%         N/A       83%         3
 Portal Projectile        Hex/Tloc       4%         N/A       83%         3
 Cause Fear               Hex            2%         N/A       98%         4

Inventory:

Hand Weapons
 Y - a +2 sling (weapon)
Armour
 b - a +0 ring mail (worn)
 d - a +1 pair of boots (worn)
 f - a +0 pair of gloves (worn)
Jewellery
 k - a ring of willpower (left hand)
Potions
 a - a potion of haste {unknown}
 e - a potion of invisibility {unknown}
 g - 3 potions of heal wounds {unknown}
 h - a potion of cancellation {unknown}
 j - a potion of brilliance {unknown}

Dungeon Overview and Level Annotations

Branches:
Dungeon (3/15)

Altars:

Annotations:
D:3 Ijyb


Message History

The sling bullet closely misses Grinder.
You shoot a sling bullet. The sling bullet hits Grinder.
You kill Grinder!
Your Fighting skill gained 3 levels and is now at level 5!
You have reached level 5!
You have reached level 6!
You start resting.
HP restored.
Found a stone staircase leading down.
Enter note:
Enter note:
Enter note:
Enter note: Ijyb the Twisted Goblin comes into view.
She is wielding a +4 spectral club and carrying a wand of flame (31).
Enter note:
Enter note:
Enter note:
Enter note: You shoot a sling bullet.
The sling bullet barely misses Ijyb.
You shoot a sling bullet. The sling bullet hits Ijyb!
Ijyb is moderately wounded.
You shoot a sling bullet. The sling bullet hits Ijyb.
Ijyb is heavily wounded.
You shoot a sling bullet.
The sling bullet hits Ijyb but does no damage.
Ijyb is heavily wounded.
Ijyb drinks a potion.
Ijyb seems to grow stronger.
Ijyb hits you with a +4 spectral club! The +4 spectral club hits you.
A +4 spectral club comes into view.
You shoot a sling bullet. The sling bullet misses Ijyb.
Ijyb hits you with a +4 spectral club! The +4 spectral club hits you.
You shoot a sling bullet. The sling bullet closely misses Ijyb.
Ijyb hits you with a +4 spectral club!
The +4 spectral club closely misses you.
You shoot a sling bullet. The sling bullet misses Ijyb.
Ijyb barely misses you. The +4 spectral club hits you.
You shoot a sling bullet. The sling bullet hits Ijyb.
Ijyb is heavily wounded.
The +4 spectral club closely misses you.
The +4 spectral club hits you! Ijyb hits you with a +4 spectral club!
You die...

#.# #......
#########.####......
#>..................
#.#######.##########
#.#######.##
#.##.......# #
#..........# #
#..........# #
#..@.......# #
#..g(......# #
####.......# #
#.......# #.......#
#.......# .$.....
.......


You could see a +4 spectral club and Ijyb (strong).

Vanquished Creatures
  Grinder (D:3)
  Natasha (twice) (D:3)
  2 adders (D:2)
  3 worms
  5 dart slugs
  An orc (D:3)
  5 endoplasms
  2 giant cockroaches
  A goblin (D:2)
  2 hobgoblins (D:3)
  A quokka (D:1)
  3 ball pythons
  7 bats
  2 frilled lizards (D:1)
  7 kobolds
  5 rats
49 creatures vanquished.

Notes
Turn   | Place    | Note
-------+----------+-------------------------------------------
     0 | D:1      | qw the Minotaur Hexslinger began the quest for the Orb.
     0 | D:1      | Reached XP level 1. HP: 16/16 MP: 1/1
     0 | D:1      | 0 ||| qw: Version: 0.3-a-46-gb1f654a
     0 | D:1      | 0 ||| qw: Game counter: 2981
     0 | D:1      | 0 ||| qw: Melee chars always use a shield: true
     0 | D:1      | 0 ||| qw: God list: Okawaru
     0 | D:1      | 0 ||| qw: Allow faded altars: false
     0 | D:1      | 0 ||| qw: Do Orc after clearing Dungeon:15 true
     0 | D:1      | 0 ||| qw: Do second Lair branch before Depths: true
     0 | D:1      | 0 ||| qw: Lair rune preference: random
     0 | D:1      | 0 ||| qw: Goals: Normal
     0 | D:1      | 0 ||| PLANNING D:1-11
   254 | D:1      | Reached skill level 3 in Ranged Weapons
   254 | D:1      | Reached XP level 2. HP: 23/23 MP: 2/2
   855 | D:1      | 855 ||| UPGRADING to +0 pair of gloves.
   860 | D:1      | 860 ||| UPGRADING to +0 leather armour.
   870 | D:1      | 870 ||| DROPPING +0 robe.
   871 | D:1      | 871 ||| READING scroll labelled DEH PAIPTECEMY.
   872 | D:1      | 872 ||| READING scroll labelled FARPHI KONN.
   873 | D:1      | 873 ||| READING scroll labelled QEGIOTS COUSULAIDU.
   874 | D:1      | 874 ||| DRINKING 2 fizzy white potions.
   925 | D:1      | 925 ||| DROPPING scroll of poison.
   926 | D:1      | 926 ||| DROPPING potion of lignification.
  1041 | D:2      | Reached XP level 3. HP: 25/29 MP: 3/3
  1537 | D:2      | 1537 ||| UPGRADING to +0 ring mail.
  1547 | D:2      | 1547 ||| UPGRADING to +1 pair of boots.
  1552 | D:2      | 1552 ||| DROPPING +0 leather armour.
  1553 | D:2      | 1553 ||| UPGRADING to ring of willpower.
  1554 | D:2      | 1554 ||| READING scroll labelled FARGHO YFIMIBI.
  1558 | D:2      | 1558 ||| READING scroll labelled SIKYMN UK XOE.
  1684 | D:2      | 1684 ||| FLEEEEING.
  1685 | D:2      | 1685 ||| FLEEEEING.
  1686 | D:2      | 1686 ||| FLEEEEING.
  1763 | D:3      | Reached skill level 1 in Armour
  1763 | D:3      | Reached XP level 4. HP: 36/36 MP: 4/4
  1814 | D:3      | Noticed Natasha
  1828 | D:3      | Killed Natasha
  1858 | D:3      | 1858 ||| FLEEEEING.
  1980 | D:3      | Noticed Grinder
  1983 | D:3      | Noticed Natasha
  1987 | D:3      | Killed Natasha
  1998 | D:3      | Paralysed by Grinder for 3 turns
  2005 | D:3      | Killed Grinder
  2006 | D:3      | Reached XP level 5. HP: 32/48 MP: 5/5
  2006 | D:3      | Reached XP level 6. HP: 37/56 MP: 6/6
  2085 | D:3      | Noticed Ijyb
  2092 | D:3      | HP: 14/56 [+4 spectral club[Ijyb] (6)]
  2093 | D:3      | Mangled by Ijyb

Levels and vault maps discovered:
D:1:      lightli_arrival_farm, layout_loops_ring,
          shapermc_ecumenical_altar_petra, hangedman_decor_lopped
D:2:      layout_loops_ring, grunt_ministairs_10
D:3:      layout_basic, minmay_misc_feat_room, uniq_natasha, uniq_grinder,
          uniq_sigmund, uniq_ijyb

Skill      XL: |  1  2  3  4 |
---------------+-------------+-----
Ranged Weapons | 3 4 5 |  5.3
Fighting       | 2 5 |  5.2
Armour         | 1 |  1.0
Dodging        | |  2.1
Spellcasting   | |  1.0
Hexes          | |  2.0

Action                     |  1- 3 |  4- 6 || total
---------------------------+-------+-------++-------
   Fire: Sling             |   120 |    71 ||   191
    Use: Scroll            |     5 |       ||     5
         Potion            |     1 |       ||     1
 Armour: Robe              |     5 |       ||     5
         Leather armour    |     3 |       ||     3
         Ring mail         |     3 |    17 ||    20
  Dodge: Dodged            |    38 |    22 ||    60

Table legend:
 A = Non-vault XP
 B = Vault XP
 C = Vault XP percentage of total XP
 D = Non-vault monster count
 E = Vault monster count
 F = Vault count percentage of total count
                 A         B        C        D         E       F
            +---------+---------+-------+---------+---------+-------
      Total |     146 |     310 |  68.0 |      45 |       4 |   8.2
            +---------+---------+-------+---------+---------+-------
        D:1 |      33 |       0 |   0.0 |      18 |       0 |   0.0
        D:2 |      49 |       7 |  12.5 |      12 |       2 |  14.3
        D:3 |      64 |     303 |  82.6 |      15 |       2 |  11.8
            +---------+---------+-------+---------+---------+-------
